 Dungeon Crawl Stone Soup version 0.24-a0-736-g4e6fe308c7 (webtiles) character file.

Game seed: 4142917193566424869, levelgen mode: deterministic

10266 Argons the Summoner (level 11, -9/54 HPs)
             Began as a Kobold Wizard on Oct 1, 2019.
             Was a Priest of Sif Muna.
             Mangled by a wraith (12 damage)
             ... on level 10 of the Dungeon on Oct 2, 2019.
             The game lasted 03:51:25 (30227 turns).

Argons the Summoner (Kobold Wizard)                Turns: 30227, Time: 03:51:26

Health: -9/54      AC:  9    Str:  6    XL:     11   Next: 89%
Magic:  3/19       EV: 17    Int: 27    God:    Sif Muna [***...]
Gold:   704        SH:  0    Dex: 13    Spells: 8/21 levels left

rFire    . . .     SeeInvis .   j - +5 whip
rCold    . . .     Gourm    .   (shield restricted)
rNeg     . . .     Faith    .   a - +1 robe
rPois    .         Spirit   .   I - +1 helmet {Int+3}
rElec    .         Reflect  .   m - +2 cloak
rCorr    .         Harm     .   L - +0 pair of gloves
MR       .....                  (no boots)
Stlth    +++.......             e - amulet of the acrobat
HPRegen  0.18/turn              v - +2 ring of intelligence
MPRegen  0.16/turn              G - ring of flight

@: slowed, very slow
A: small, carnivore
a: Channel Magic, Forget Spell, Renounce Religion, Evoke Flight


You were on level 10 of the Dungeon.
You worshipped Sif Muna.
Sif Muna was most pleased with you.
You were very hungry.

You visited 3 branches of the dungeon, and saw 16 of its levels.

You collected 704 gold pieces.

Inventory:

Hand Weapons
 j - a +5 whip (weapon)
 C - the +11 mace of Departure {holy, Dex+2, unknown}
   (You found it on level 7 of the Dungeon)

   It has been blessed by the Shining One to cause great damage to the undead
   and demons.
   It affects your dexterity (+2).
 F - a +0 hand crossbow
 J - a +0 triple crossbow
Missiles
 f - 2 boomerangs of dispersal
 h - 38 poisoned darts (quivered)
 s - 3 atropa-tipped darts
 M - 55 bolts
Armour
 a - a +1 robe (worn)
 m - a +2 cloak (worn)
 r - a +0 buckler
 I - a +1 helmet of intelligence (worn)
 L - a +0 pair of gloves (worn)
Jewellery
 e - an amulet of the acrobat (around neck)
 n - the ring of Equivalence {Ice Str+4}
   (You took it off an orc warrior on level 9 of the Dungeon)

   [ring of ice]

   It enhances your ice magic.
   It affects your strength (+4).
   It makes you vulnerable to fire.
   It protects you from cold.
 o - an uncursed ring of protection from fire
 v - a +2 ring of intelligence (left hand)
 G - a ring of flight (right hand)
Wands
 A - a wand of iceblast (3)
 B - a wand of paralysis (12)
 H - a wand of acid (6)
Scrolls
 b - 2 scrolls of teleportation
 c - 3 scrolls of remove curse
 t - 2 scrolls of amnesia
 x - a scroll of enchant weapon
 y - 2 scrolls of magic mapping
 K - a scroll of identify
Potions
 g - 2 potions of flight
 i - 2 potions of resistance
 k - 3 potions of berserk rage
 l - 4 potions of curing
 p - 2 potions of agility
 q - 3 potions of brilliance
 u - a potion of might
 w - a potion of heal wounds
 z - 2 potions of mutation
 D - a potion of cancellation
 E - a potion of haste {unknown}
Comestibles
 d - 18 rations


   Skills:
 - Level 2.2 Crossbows
 - Level 5.0 Dodging
 - Level 7.1 Stealth
 + Level 5.8 Spellcasting
 + Level 6.4 Conjurations
 - Level 12.5 Summonings
   Level 1.0 Translocations
 - Level 5.0 Air Magic
 - Level 5.0 Poison Magic
 - Level 1.0 Evocations


You had 8 spell levels left.
You knew the following spells:

 Your Spells              Type           Power        Failure   Level  Hunger
a - Magic Dart            Conj           ####         1%          1    None
b - Call Imp              Summ           ######..     1%          2    None
c - Conjure Flame         Conj/Fire      ####....     5%          3    None
d - Mephitic Cloud        Conj/Pois/Air  #####...     1%          3    None
e - Iskenderun's Mystic   Conj           #####...     4%          4    ###....

Your spell library contained the following spells:

 Spells                   Type           Power        Failure   Level  Hunger
 Searing Ray              Conj           #####.       1%          2    None
 Dazzling Spray           Conj/Hex       ####..       5%          3    None
 Confusing Touch          Hex            #.....       7%          1    None
 Infusion                 Chrm           #...         7%          1    None
 Blink                    Tloc           N/A          7%          2    None
 Shroud of Golubria       Chrm/Tloc      ##....       9%          2    None
 Slow                     Hex            #.......     10%         2    None
 Song of Slaying          Chrm           #.......     10%         2    None
 Gell's Gravitas          Tloc           ##........   13%         3    None
 Force Lance              Conj/Tloc      ####....     14%         4    ###....
 Fulminant Prism          Conj/Hex       ####......   19%         4    ###....
 Confuse                  Hex            #.......     21%         3    None
 Regeneration             Chrm/Necr      #.........   21%         3    None
 Spectral Weapon          Hex/Chrm       #.......     21%         3    None
 Petrify                  Tmut/Erth      #.......     54%         4    ###....
 Metabolic Englaciation   Hex/Ice        #.........   88%         5    #####..
 Yara's Violent Unravell  Hex/Tmut       #.........   88%         5    #####..


Dungeon Overview and Level Annotations

Branches:
Dungeon (11/15)            Temple (1/1) D:7            Lair (4/6) D:10
  Swamp: Lair:2-4    Shoals: Lair:2-4     Snake: Lair:2-4    Spider: Lair:2-4
    Orc: D:9-12

Altars:
Ashenzari
Dithmenos
Elyvilon
Fedhas
Gozag
Hepliaklqana
Makhleb
Okawaru
Qazlal
Ru
Sif Muna
Uskayaw
Vehumet
Xom
Zin

Shops:
D:6 [   D:8 (

Annotations:
D:8 hydra
D:10 2 runed translucent doors, Kohma's ghost, journeyman DrCj


Innate Abilities, Weirdness & Mutations

You are small and have problems with some larger weapons.
You are carnivorous and can eat meat at any time.


Message History

The wraith hits you. x2
* * * LOW HITPOINT WARNING * * *
The wraith drains your vigour!
You feel as though you will be slow longer.
You hit the wraith but do no damage.
The wraith is severely damaged.
The wraith hits you!
* * * LOW HITPOINT WARNING * * *
The wraith drains your vigour!
You feel as though you will be slow longer.
You hit the wraith but do no damage.
The wraith is severely damaged.
The wraith hits you but does no damage. The wraith closely misses you.
You closely miss the wraith.
The wraith is severely damaged.
The wraith completely misses you. The wraith misses you.
You hit the wraith.
The wraith is almost destroyed.
The wraith hits you!
You die...

......#.≈≈.≈..# #...#........#...
#.....##§[#.⌠..##...#........#...
...#'###.§..≈#.##...#........'...
...#.# ≈#..W≈§###...#.....<..##'#
...#.# ##.#≈#####.).'...####.....
...#.###########..>(#...# #...#.
...#.'...#.....######...# #..5..
#..#.#.#.#.....######...# #.....
#..###...#......@W..#...# #.....
.........#..........#...####..##.
......##.#..........#.........##.
......##.#.....##...#..(......##.
#.....##.#.....##...#.>..........
.........#..........#............
.........######'#####............
.#.............................#.
.#.......##..#...##............#.


You could see a wraith.

Vanquished Creatures
  An unseen horror (D:10)
  Pikel (D:4)
  A gargoyle (D:10)
  A troll (D:10)
  A hippogriff (D:10)
  3 slime creatures
  A redback (Lair:2)
  16 yaks
  A hungry ghost (D:10)
  A water moccasin (Lair:2)
  Duvessa (D:4)
  2 orc warriors
  4 porcupines
  A phantom (D:7)
  2 centaurs
  2 wolves (Lair:1)
  A crocodile (Lair:1)
  A big kobold (D:10)
  A bullfrog (D:8)
  A scorpion (D:8)
  A jelly (D:9)
  3 killer bees (D:10)
  A wight (D:8)
  A hound (D:8)
  Natasha (twice) (D:4)
  A worker ant (D:6)
  A worker ant zombie (D:6)
  3 gnolls
  3 adders
  An ooze (D:7)
  An adder zombie (D:9)
  A dart slug (D:3)
  3 leopard geckos
  11 orcs
  A ball python (D:2)
  10 bats
  4 giant cockroaches
  6 goblins
  5 hobgoblins
  3 jackals
  A quokka (D:6)
  2 frilled lizards
  10 kobolds
  A quokka zombie (D:7)
  5 rats
124 creatures vanquished.

Vanquished Creatures (collateral kills)
  A two-headed ogre (D:10)
  A spiny frog (Lair:3)
  A polar bear (Lair:3)
  3 slime creatures
  Sigmund (D:5)
  14 yaks
  A wyvern (Lair:3)
  2 hungry ghosts
  3 porcupines (D:10)
  A black bear (D:10)
  2 ice beasts
  A sky beast (D:9)
  4 slaves (D:4)
  3 orc warriors
  6 ogres
  A necrophage (D:9)
  A wolf (Lair:1)
  2 centaurs
  2 crocodiles
  A big kobold (D:10)
  11 bullfrogs
  A gnoll sergeant (D:9)
  2 scorpions
  A wyvern skeleton (D:7)
  Dowan (D:4)
  7 wights
  4 crimson imps
  3 quasits
  4 orc priests
  3 jellies (D:7)
  Crazy Yiuf (D:7)
  2 bullfrog skeletons
  10 hounds
  3 orc wizards
  3 iguanas
  Natasha (D:4)
  9 worker ants
  Robin (D:2)
  6 gnolls
  7 adders
  A shadow imp (D:6)
  An adder skeleton (D:8)
  4 leopard geckos
  31 orcs
  5 giant cockroaches
  8 goblins
  5 hobgoblins
  16 jackals
  2 quokkas
  A ball python (D:7)
  A bat (D:3)
  A frilled lizard (D:4)
  5 kobolds
  2 leopard gecko skeletons (D:7)
  A leopard gecko zombie (D:6)
  2 fungi (Lair:3)
  A plant (Lair:1)
218 creatures vanquished.

Vanquished Creatures (others)
  66 fungi
  47 plants
113 creatures vanquished.

Grand Total: 455 creatures vanquished

Notes
Turn   | Place    | Note
-------+----------+-------------------------------------------
     0 | D:1      | Argons the Kobold Wizard began the quest for the Orb.
     0 | D:1      | Reached XP level 1. HP: 10/10 MP: 4/4
   582 | D:1      | Reached XP level 2. HP: 15/15 MP: 3/6
   615 | D:1      | Learned a level 2 spell: Call Imp
  1155 | D:1      | Reached XP level 3. HP: 14/19 MP: 0/7
  1507 | D:1      | Learned a level 3 spell: Conjure Flame
  1798 | D:2      | Reached skill level 2 in Summonings
  2312 | D:2      | Noticed Robin
  2339 | D:2      | Reached XP level 4. HP: 20/24 MP: 3/8
  2342 | D:2      | Killed Robin
  2796 | D:2      | Reached skill level 3 in Summonings
  3504 | D:3      | Reached XP level 5. HP: 25/28 MP: 4/9
  3938 | D:3      | Reached skill level 4 in Summonings
  5294 | D:3      | Reached XP level 6. HP: 32/32 MP: 4/10
  5505 | D:4      | Reached skill level 5 in Stealth
  5630 | D:4      | Noticed Pikel
  5630 | D:4      | Noticed a slave
  5655 | D:4      | Killed a slave
  5785 | D:4      | Noticed a slave
  5793 | D:4      | Noticed a slave
  5795 | D:4      | Noticed a slave
  5964 | D:4      | Noticed Duvessa
  5964 | D:4      | Noticed Dowan
  6192 | D:4      | Noticed an ogre
  6382 | D:4      | Killed an ogre
  6574 | D:4      | Noticed Natasha
  6583 | D:4      | Killed Natasha
  6906 | D:4      | Noticed Natasha
  6922 | D:4      | Killed Natasha
  6936 | D:4      | Noticed Natasha
  6951 | D:4      | Killed Natasha
  6951 | D:4      | Reached XP level 7. HP: 33/36 MP: 3/12
  7038 | D:5      | Entered Level 5 of the Dungeon
  7064 | D:5      | Found an iron altar of Okawaru.
  7581 | D:5      | Noticed Sigmund
  7590 | D:5      | Killed Sigmund
  7590 | D:5      | Reached skill level 5 in Summonings
  9359 | D:6      | Found Ifrozio's Armour Boutique.
  9374 | D:6      | Found a shadowy altar of Dithmenos.
  9925 | D:6      | Reached skill level 6 in Summonings
  9967 | D:6      | Reached XP level 8. HP: 35/41 MP: 8/14
 10657 | D:7      | Noticed a seven-headed hydra
 10804 | D:4      | Killed Pikel
 10804 | D:4      | Reached skill level 7 in Summonings
 11025 | D:4      | Killed Dowan
 11141 | D:4      | Killed Duvessa
 11388 | D:7      | Reached skill level 8 in Summonings
 11993 | D:7      | Got a pitted mace
 12076 | D:7      | Found a hazy altar of Hepliaklqana.
 12657 | D:8      | Noticed a yak
 12663 | D:8      | Noticed a yak
 12670 | D:8      | Noticed a yak
 12670 | D:8      | Reached XP level 9. HP: 45/45 MP: 10/15
 12696 | D:8      | Reached skill level 9 in Summonings
 12859 | D:7      | Upgraded the game from 0.24-a0-725-gf1a930fc54 to
                  | 0.24-a0-736-g4e6fe308c7
 13041 | D:7      | Found a staircase to the Ecumenical Temple.
 13055 | Temple   | Entered the Ecumenical Temple
 13058 | Temple   | Became a worshipper of Sif Muna the Loreminder
 13810 | D:7      | Reached skill level 5 in Dodging
 15004 | D:8      | Reached skill level 5 in Spellcasting
 15023 | D:8      | Found Ogal Boedy's Antique Weapon Boutique.
 15468 | D:8      | Noticed a six-headed hydra
 15652 | D:7      | Reached * piety under Sif Muna
 15769 | D:8      | Reached skill level 10 in Summonings
 16637 | D:8      | Reached skill level 1 in Evocations
 16986 | D:7      | Found a runed translucent door.
 16987 | D:7      | Noticed Crazy Yiuf
 17019 | D:7      | Killed Crazy Yiuf
 17996 | D:9      | Reached XP level 10. HP: 47/50 MP: 13/17
 18559 | D:8      | Reached skill level 11 in Summonings
 18806 | D:9      | Learned a level 3 spell: Mephitic Cloud
 18978 | D:9      | Identified the ring of Equivalence {Ice Str+4}
 19102 | D:9      | Found an opulent altar of Gozag.
 19151 | D:9      | Reached skill level 1 in Air Magic
 19151 | D:9      | Reached skill level 1 in Poison Magic
 19899 | D:10     | Entered Level 10 of the Dungeon
 19989 | D:10     | Killed an unseen horror
 20012 | D:10     | Noticed a two-headed ogre
 20776 | D:10     | Reached ** piety under Sif Muna
 21829 | D:10     | Found a staircase to the Lair.
 21897 | D:10     | Killed a two-headed ogre
 21897 | D:10     | Reached skill level 5 in Conjurations
 22334 | D:10     | Noticed a gargoyle
 22921 | Lair:1   | Entered Level 1 of the Lair of Beasts
 23084 | Lair:1   | Reached XP level 11. HP: 54/54 MP: 2/18
 23663 | Lair:1   | Reached skill level 5 in Air Magic
 23663 | Lair:1   | Reached skill level 5 in Poison Magic
 23976 | Lair:1   | Reached skill level 12 in Summonings
 24786 | Lair:2   | Noticed an elephant
 24816 | Lair:2   | Noticed an elephant
 24816 | Lair:2   | Noticed an elephant
 25889 | Lair:4   | Noticed a death yak
 25889 | Lair:4   | Noticed a death yak
 26022 | Lair:3   | Reached skill level 1 in Crossbows
 28042 | D:10     | Learned a level 4 spell: Iskenderun's Mystic Blast
 28111 | D:10     | Found a large runed translucent door.
 28111 | D:10     | Found a large runed translucent door.
 28112 | D:10     | Noticed Kohma's ghost (journeyman DrCj)
 30147 | D:10     | Reached *** piety under Sif Muna
 30211 | D:11     | Noticed a manticore
 30224 | D:10     | HP: 2/54 [wraith (14)]
 30227 | D:10     | Mangled by a wraith

Levels and vault maps discovered:
D:1:      dpeg_arrival_rooms_with_view, layout_loops_ring
D:2:      layout_loops_corners, first_ration, kennysheep_small_spiral,
          minmay_fractal_squares_5, uniq_robin
D:3:      layout_loops_corners, st_stairs_4
D:4:      layout_loops_ring, uniq_pikel, uniq_natasha, uniq_duvessa
D:5:      layout_gridville, kennysheep_small_circle, uniq_sigmund
D:6:      layout_basic, grunt_dithmenos_smoke_and_mirrors, serial_shops,
          shop_fountains, kennysheep_generic_room_10
D:7:      cheibrodos_fzero, layout_basic, minmay_temple_entry_nine_rooms,
          basic_altar, uniq_crazy_yiuf_cottage
D:8:      kennysheep_blocky_room, layout_basic, serial_shops, shop_fountains
D:9:      layout_basic, basic_altar
D:10:     layout_stronghold, due_lair_maze_entry_diamond,
          ebering_ghost_disaster_area
D:11:     layout_rooms, orc_0_dummy
Temple:   dpeg_three_leaves_temple
Lair:1:   layout_roguey, chequers_serial_rivers_marsh,
          grunt_forest_stairs_basic, minivault_19, minivault_23,
          chequers_serial_rivers_small_3, mumra_transporter_accident,
          serial_bayou_shore_b
Lair:2:   layout_small_grid, spider_nest_entry_webs, basic_altar,
          minmay_stone_trees_medium, infiniplex_staircase_pool_2,
          lemuel_fruit_tree
Lair:3:   layout_layer_cave, minivault_23, grunt_forest_small_clearing_treed
Lair:4:   layout_layer_cave, palyth_hydra_swamp_entry,
          ebering_ghost_funeral_grove, worms_lemuel

Skill      XL: |  1  2  3  4  5  6  7  8  9 10 11 |
---------------+----------------------------------+-----
Stealth        | 3 4 6 7 |  7.1
Summonings     | 2 3 4 6 8 10 11 12 | 12.5
Dodging        | 3 4 5 |  5.0
Spellcasting   | 4 5 |  5.8
Evocations     | 1 |  1.0
Conjurations   | 5 6 |  6.4
Air Magic      | 4 5 |  5.0
Poison Magic   | 4 5 |  5.0
Crossbows      | 2 |  2.2
Translocations | |  1.0

Action                   |  1- 3 |  4- 6 |  7- 9 | 10-12 || total
-------------------------+-------+-------+-------+-------++-------
Melee: Unarmed           |     3 |     8 |       |       ||    11
       Whip              |       |    94 |   175 |   277 ||   546
 Fire: Triple crossbow   |       |       |       |    39 ||    39
       Hand crossbow     |       |       |       |    17 ||    17
Throw: Stone             |     3 |       |       |       ||     3
       Dart              |       |       |     3 |     4 ||     7
       Boomerang         |       |       |     1 |       ||     1
 Cast: Magic Dart        |    47 |    32 |     8 |       ||    87
       Call Imp          |    19 |    82 |   350 |   284 ||   735
       Conjure Flame     |       |       |     1 |       ||     1
       Mephitic Cloud    |       |       |       |    16 ||    16
       Iskenderun's Myst |       |       |       |    32 ||    32
 Abil: Evoke Flight      |       |       |       |     1 ||     1
Evoke: Wand              |       |       |     1 |     7 ||     8
  Use: Scroll            |     2 |    11 |    11 |     6 ||    30
       Potion            |       |       |     4 |     3 ||     7
 Stab: Sleeping          |       |    10 |     1 |     1 ||    12
       Distracted        |       |       |     3 |     9 ||    12
       Confused          |       |       |       |     3 ||     3
       Paralysed         |       |       |       |     5 ||     5
  Eat: Chunk             |    12 |    17 |    39 |    35 ||   103
       Ration            |       |       |       |     1 ||     1
Armor: Robe              |       |    10 |    52 |    36 ||    98
       Skin              |       |       |       |    36 ||    36
Dodge: Dodged            |    25 |    90 |   189 |   263 ||   567

Table legend:
 A = Non-vault XP
 B = Vault XP
 C = Vault XP percentage of total XP
 D = Non-vault monster count
 E = Vault monster count
 F = Vault count percentage of total count
                 A         B        C        D         E       F
            +---------+---------+-------+---------+---------+-------
      Total |   12237 |    2430 |  16.6 |     284 |      51 |  15.2
            +---------+---------+-------+---------+---------+-------
        D:1 |      32 |       2 |   5.9 |      20 |       2 |   9.1
        D:2 |      67 |      27 |  28.7 |      18 |      16 |  47.1
        D:3 |     144 |       8 |   5.3 |      38 |       2 |   5.0
        D:4 |     226 |     477 |  67.9 |      16 |       4 |  20.0
        D:5 |     106 |     202 |  65.6 |       8 |       3 |  27.3
        D:6 |     332 |       0 |   0.0 |      19 |       0 |   0.0
        D:7 |     578 |     191 |  24.8 |      25 |       9 |  26.5
        D:8 |    1496 |     205 |  12.1 |      43 |       5 |  10.4
        D:9 |    1373 |      65 |   4.5 |      27 |       1 |   3.6
       D:10 |    3710 |    1055 |  22.1 |      35 |       8 |  18.6
       D:11 |       3 |       0 |   0.0 |       2 |       0 |   0.0
     Lair:1 |    3146 |       0 |   0.0 |      23 |       0 |   0.0
     Lair:2 |     294 |     198 |  40.2 |       4 |       1 |  20.0
     Lair:3 |     593 |       0 |   0.0 |       5 |       0 |   0.0
     Lair:4 |     137 |       0 |   0.0 |       1 |       0 |   0.0
            +---------+---------+-------+---------+---------+-------
